 Dungeon Crawl Stone Soup version 0.29-a0-275-g389c0b56f3 (webtiles) character file.

Game seed: 5698417070102277217

6538 mopl the Cruncher (level 10, -17/82 HPs)
             Began as a Palentonga Gladiator on Mar 11, 2022.
             Was a Priest of the Shining One.
             Demolished by a sun demon (21 damage)
             ... summoned by an orc high priest
             ... in a bailey.
             The game lasted 00:15:48 (12131 turns).

mopl the Cruncher (Palentonga Gladiator)           Turns: 12131, Time: 00:15:48

Health: -17/82     AC: 19    Str: 19    XL:     10   Next: 70%
Magic:  14/14      EV:  9    Int:  9    God:    the Shining One [***...]
Gold:   511        SH:  0    Dex: 14    Spells: 9/9 levels left

rFire   . . .      SeeInvis +   a - +0 quarterstaff (spect)
rCold   . . .      Faith    +   (shield currently unavailable)
rNeg    + . .      Spirit   .   h - +0 plate armour
rPois   .          Reflect  .   c - +0 helmet
rElec   .          Harm     .   (no cloak)
rCorr   .          Rampage  .   j - +0 pair of gloves
Will    .....                   (no barding)
Stlth   ..........              t - amulet of faith {!P}
HPRegen 0.23/turn               H - +4 ring of evasion
MPRegen 0.14/turn               v - ring of flight

@: flying, glowing, studying Transmutations, curled up
A: large, rugged brown scales 3, see invisible, deformed body, roll 1, armoured
tail, reflexive curl
a: Rolling Charge, Renounce Religion, Divine Shield, Cleansing Flame


You were in a bailey.
You worshipped the Shining One.
The Shining One was most pleased with you.
You visited 2 branches of the dungeon, and saw 10 of its levels.
You also visited: Sewer and Bailey.

You collected 511 gold pieces.

Inventory:

Hand Weapons
 a - a +0 spectral quarterstaff (weapon)
 b - the +9 war axe "Care" {flame, rN+ Will+ rCorr Str-5}
   (You took it off an orc priest on level 7 of the Dungeon)

   It burns those it strikes, dealing additional fire damage.
   Big, fiery blades are also staple armaments of hydra-hunters.
   Str:       It affects your strength (-5).
   rN:        It protects you from negative energy.
   rCorr:     It protects you from acid and corrosion.
   Will:      It increases your willpower.
Missiles
 d - 3 throwing nets
 e - a javelin
 n - 8 poisoned darts (quivered)
 E - 12 boomerangs
Armour
 c - a +0 helmet (worn)
 h - a +0 plate armour (worn)
 j - a +0 pair of gloves (worn)
Jewellery
 p - a ring of protection from fire
 t - an amulet of faith (around neck) {!P}
 v - a ring of flight (right hand)
 C - a +6 ring of strength
 H - a +4 ring of evasion (left hand)
Scrolls
 g - 2 scrolls of brand weapon {unknown}
 k - 3 scrolls of immolation {unknown}
 l - a scroll of torment {unknown}
 r - a scroll of blinking {unknown}
 s - a scroll of enchant armour {unknown}
 u - 3 scrolls of enchant weapon {unknown}
 x - 4 scrolls of teleportation {unknown}
 y - a scroll of fog {unknown}
 A - 2 scrolls of silence {unknown}
 D - a scroll of fear {unknown}
 G - 2 scrolls of magic mapping {unknown}
Potions
 i - a potion of lignification {!q}
 m - 3 potions of curing
 o - 3 potions of brilliance
 q - a potion of haste
 w - a potion of might
 z - a potion of magic
 F - a potion of mutation {!q}


   Skills:
 + Level 6.4 Fighting
 * Level 9.3 Staves
 + Level 4.8 Throwing
 + Level 5.0 Armour
 + Level 5.8 Dodging
 + Level 6.5 Invocations


You had 9 spell levels left.
You didn't know any spells.
Your spell library contained the following spells:

 Spells                   Type           Power      Damage    Failure   Level
 Magic Dart               Conj           0%         1d3       100%        1
 Pain                     Necr           0%         1d4       100%        1
 Searing Ray              Conj           0%         2d4       100%        2
 Ozocubu's Armour         Ice            0%         N/A       100%        3
 Fulminant Prism          Conj/Hex       0%         3d6       100%        4
 Alistair's Intoxication  Tmut/Pois      0%         N/A       100%        5
 Borgnjor's Vile Clutch   Necr/Erth      0%         N/A       100%        5
 Fireball                 Conj/Fire      0%         3d3       100%        5
 Iskenderun's Battlesphe  Conj           0%         2d6       100%        5
 Metabolic Englaciation   Hex/Ice        0%         N/A       100%        5
 Conjure Ball Lightning   Conj/Air       0%         3x3d6     100%        6
 Eringya's Noxious Bog    Tmut/Pois      0%         N/A       100%        6
 Simulacrum               Ice/Necr       0%         N/A       100%        6
 Orb of Destruction       Conj           0%         9d5       100%        7


Dungeon Overview and Level Annotations

Branches:
Dungeon (9/15)             Temple (1/1) D:7            Lair (0/6) D:9
  Sewer (visited)          Bailey (1/1)
    Orc: D:9-12

Altars:
Ashenzari
Cheibriados
Dithmenos
Elyvilon
Fedhas
Hepliaklqana
Kikubaaqudgha
Makhleb
Nemelex Xobeh
Qazlal
Ru
Sif Muna
Trog
Uskayaw
Wu Jian
Xom
Yredelemnul
Zin
The Shining One

Annotations:
D:4 exclusion: oklob plant


Innate Abilities, Weirdness & Mutations

You are completely covered in rugged brown scales. (AC +3, +7% HP)
You have supernaturally acute eyesight. (SInv)
Armour fits poorly on your strangely shaped body.
You can roll at nearby foes to attack.
You have a long armoured tail.
You curl defensively after being hit. (AC +7*)


Message History

The electric eel shoots out a bolt of lightning at you!
The bolt of electricity hits you!
You sock the electric eel!
The electric eel is almost dead.
Your +0 spectral quarterstaff completely misses the electric eel.
The electric eel shoots out a bolt of lightning at you!
The bolt of electricity hits you!
You hit the electric eel.
You kill the electric eel!
The electric eel shoots out a bolt of lightning at you!
The bolt of electricity hits you!
The electric eel shoots out a bolt of lightning at you!
The bolt of electricity hits you!
* * * LOW HITPOINT WARNING * * *
You are too injured to fight recklessly!
The electric eel shoots out a bolt of lightning at you!
The bolt of electricity misses you.
You hit the electric eel.
The electric eel is moderately wounded.
Your +0 spectral quarterstaff hits the electric eel!
You kill the electric eel!
You hear a splash.
You start resting.
The gnoll shouts!
You hear a shout! x5
The hobgoblin shouts!
The orc shouts!
You hear a shout!
An orc high priest is nearby!
The orc high priest utters an invocation to Beogh.
The orc high priest utters an invocation to Beogh.
The sun demon attacks as you move away! The sun demon hits you.
You are engulfed in flames!
The orc shouts! x2
The sun demon attacks as you move away! The sun demon hits you!!
* * * LOW HITPOINT WARNING * * *
You are engulfed in flames!!
* * * LOW HITPOINT WARNING * * *
Unknown command.
Okay, then.
The sun demon hits you!!
You die...

######.≈≈≈≈≈.#......#
#......≈≈≈≈≈.#'g#####
###......≈≈≈≈≈.#)))..#
#..............'.....#
#∩..∩..........'..⌠..#
#.........o....'.....#
###......≈≈≈≈≈.#.....#
#......≈≈≈≈o.#''####
######.≈@≈≈≈.#....
#≈≈3≈≈≈.#.....
#≈≈≈≈≈######...
#≈≈≈≈≈# .8. #≈≈≈≈≈#
#≈≈≈≈≈# #########
#≈≈≈≈≈# +........
#≈≈≈≈≈######gg≈≈≈≈g≈
#≈≈≈≈≈≈≈≈≈≈≈≈≈≈≈≈≈≈≈


You could see a sun demon (summoned), a gnoll (wandering) and 2 orcs.

Vanquished Creatures
  A two-headed ogre (D:8)
  A gargoyle (D:8)
  A troll (D:9)
  Grinder (D:4)
  2 hornets
  A vampire (D:4)
  A yak (D:4)
  3 wyverns (D:8)
  3 steam dragons
  3 wargs (D:9)
  Pargi (Sewer)
  A water moccasin (D:6)
  5 orc warriors
  2 ice beasts
  2 sky beasts
  A black bear (D:5)
  2 ogres
  3 centaurs
  A necrophage (D:5)
  A gnoll sergeant (D:8)
  2 scorpions
  3 bullfrogs
  6 wights
  7 electric eels (Bailey)
  2 hounds
  6 orc priests
  A gnoll shaman (D:4)
  2 jellies (D:7)
  5 orc wizards
  21 gnolls
  5 adders
  2 river rats (D:5)
  A shadow imp (D:5)
  A white imp (D:4)
  3 dart slugs
  31 orcs
  9 ball pythons
  7 endoplasms
  8 giant cockroaches
  9 goblins
  6 hobgoblins
  4 jackals (D:5)
  4 quokkas
  8 bats
  2 frilled lizards (D:1)
  9 kobolds
  6 rats
206 creatures vanquished.

Vanquished Creatures (others)
  A jelly (D:6)
  A fungus (D:5)
  A plant (D:9)
3 creatures vanquished.

Grand Total: 209 creatures vanquished

Notes
Turn   | Place    | Note
-------+----------+-------------------------------------------
     0 | D:1      | mopl the Palentonga Gladiator began the quest for the Orb.
     0 | D:1      | Reached XP level 1. HP: 17/17 MP: 1/1
   367 | D:1      | Reached XP level 2. HP: 23/23 MP: 2/2
   768 | D:2      | You fall into a shaft and drop 1 floor!
   801 | D:3      | Found a glowing golden altar of the Shining One.
   810 | D:3      | Became a worshipper of the Shining One
  1000 | D:2      | Found a faded altar of an unknown god.
  1011 | D:2      | Got Plato's Collected Works on Evil Rituals
  1076 | D:2      | Reached XP level 3. HP: 28/28 MP: 3/3
  1817 | D:3      | Reached skill level 1 in Armour
  1818 | D:3      | Reached XP level 4. HP: 22/36 MP: 4/4
  2102 | D:3      | Reached skill level 1 in Invocations
  2545 | D:4      | Reached skill level 4 in Staves
  2559 | D:4      | Noticed Grinder
  2575 | D:4      | Reached XP level 5. HP: 37/41 MP: 5/5
  2584 | D:4      | Paralysed by Grinder for 4 turns
  2588 | D:4      | Killed Grinder
  2589 | D:4      | Reached skill level 3 in Fighting
  2589 | D:4      | Reached skill level 2 in Throwing
  2589 | D:4      | Reached skill level 3 in Dodging
  2589 | D:4      | Reached skill level 2 in Invocations
  2589 | D:4      | Reached XP level 6. HP: 16/50 MP: 5/7
  2814 | D:4      | Found a shimmering altar of Xom.
  2814 | D:4      | Found a shimmering altar of Xom.
  2816 | D:4      | Found a shimmering altar of Xom.
  2816 | D:4      | Found a shimmering altar of Xom.
  2817 | D:4      | Found a shimmering altar of Xom.
  2879 | D:4      | Noticed a steam dragon
  2889 | D:4      | Killed a steam dragon
  2890 | D:4      | Reached skill level 5 in Staves
  2890 | D:4      | Reached skill level 2 in Armour
  3044 | D:4      | Found a blossoming altar of Fedhas.
  3055 | D:4      | Noticed an oklob plant
  3138 | D:4      | Noticed an ice beast
  3148 | D:4      | Killed an ice beast
  3149 | D:4      | Gained mutation: You curl defensively after being hit. (AC
                  | +7*) [Palentonga growth]
  3149 | D:4      | Reached XP level 7. HP: 39/55 MP: 8/8
  3538 | D:4      | Found a bloodstained altar of Trog.
  3606 | D:4      | Reached * piety under the Shining One
  4061 | D:5      | Entered Level 5 of the Dungeon
  4208 | D:5      | Found a sacrificial altar of Ru.
  4504 | D:5      | Reached skill level 3 in Invocations
  4516 | D:5      | Found a glowing drain.
  4526 | Sewer    | Entered a sewer
  4674 | Sewer    | Noticed Pargi
  4678 | Sewer    | Killed Pargi
  4747 | D:5      | Noticed a vampire
  4764 | D:5      | Noticed a yak
  4764 | D:5      | Reached ** piety under the Shining One
  4767 | D:5      | Reached XP level 8. HP: 55/64 MP: 10/10
  4837 | D:4      | Reached skill level 4 in Fighting
  4837 | D:4      | Reached skill level 6 in Staves
  4837 | D:4      | Reached skill level 3 in Throwing
  5219 | D:4      | Reached skill level 3 in Armour
  5219 | D:4      | Reached skill level 4 in Dodging
  5721 | D:5      | Noticed an angel
  5722 | D:5      | Found a glowing silver altar of Zin.
  5802 | D:5      | Reached skill level 4 in Invocations
  5809 | D:5      | Found a basalt altar of Yredelemnul.
  6187 | D:6      | Reached skill level 7 in Staves
  6187 | D:6      | Reached XP level 9. HP: 53/70 MP: 12/12
  6768 | D:6      | Reached skill level 5 in Fighting
  7405 | D:7      | Reached skill level 5 in Invocations
  7565 | D:7      | Reached *** piety under the Shining One
  7580 | D:7      | Reached skill level 4 in Throwing
  7580 | D:7      | Reached skill level 4 in Armour
  7683 | D:7      | Reached skill level 5 in Dodging
  7769 | D:7      | Found a staircase to the Ecumenical Temple.
  7779 | Temple   | Entered the Ecumenical Temple
  7967 | D:7      | Found a hazy altar of Hepliaklqana.
  7982 | D:7      | Reached skill level 8 in Staves
  8171 | D:7      | Found an ornate altar of the Wu Jian Council.
  8261 | D:7      | Identified the +9 war axe "Care" {flame, rN+ Will+ rCorr
                  | Str-5}
  8737 | D:8      | Found an ancient bone altar of Kikubaaqudgha.
  9513 | D:8      | Reached XP level 10. HP: 81/81 MP: 14/14
  9781 | D:8      | Noticed a gargoyle
  9793 | D:8      | Killed a gargoyle
  9957 | D:8      | Noticed a two-headed ogre
  9968 | D:8      | Killed a two-headed ogre
  9969 | D:8      | Reached skill level 6 in Fighting
 10321 | D:9      | Found a staircase to the Lair.
 10382 | D:8      | Reached skill level 6 in Invocations
 10399 | D:9      | Reached skill level 9 in Staves
 10410 | D:9      | Paralysed by a hornet for 1 turns
 10466 | D:9      | Found a flagged portal.
 10466 | D:9      | Noticed a five-headed hydra
 10499 | Bailey   | Entered a bailey
 11039 | Bailey   | Noticed an orc high priest
 11043 | Bailey   | Noticed an orc knight
 11049 | Bailey   | Noticed a soul eater
 11682 | Bailey   | Reached skill level 5 in Armour
 12107 | Bailey   | Noticed a sun demon
 12129 | Bailey   | HP: 3/82 [sun demon[an orc high priest] (19)]
 12131 | Bailey   | Demolished by a sun demon

Illustrated notes

Levels and vault maps discovered:
D:1:      lemuel_arrival_lava_pool, layout_basic, minmay_tiny_reverse_x
D:2:      minmay_spotlight, layout_loops_ring,
          shapermc_ecumenical_altar_rom_forum
D:3:      layout_loops_cross, mainiacjoe_overflow_six_doors_small
D:4:      layout_loops_corners, trog_hazing_becter, tgw_fedhas, xom_redecorated,
          serial_glass, glass_columns_b, glass_columns_a, glass_columns_a,
          glass_columns_c, uniq_grinder
D:5:      layout_loops_ring, zin_angel, nicolae_ru_the_path_less_chosen,
          lemuel_coloured_pillars_altar, portal_sewer_entry_e,
          minmay_manual_moon
D:6:      layout_rooms
D:7:      layout_basic, lemuel_round_altar, kennysheep_mini_moat,
          minmay_temple_entry_junction_2
D:8:      layout_basic, lemuel_round_altar
D:9:      layout_rooms, mainiacjoe_overflow_tiny_flanked,
          erik_lair_orcish_takeover, enter_bailey_2
Temple:   nicolae_temple_figure_zero
Bailey:   bailey_axe_of_yendor_kennysheep, bailey

Skill      XL: |  1  2  3  4  5  6  7  8  9 10 |
---------------+-------------------------------+-----
Armour         | 1 2 3 4 5 |  5.0
Invocations    | 1 2 3 4 5 6 |  6.5
Staves         | 4 5 7 8 9 |  9.3
Fighting       | 3 4 5 6 |  6.4
Throwing       | 2 3 4 |  4.8
Dodging        | 3 4 5 |  5.8

Action                   |  1- 3 |  4- 6 |  7- 9 | 10-12 || total
-------------------------+-------+-------+-------+-------++-------
Melee: Quarterstaff      |    87 |    67 |   346 |    87 ||   587
       Tailslap          |     6 |    14 |    79 |    11 ||   110
Throw: Dart              |       |       |     4 |    13 ||    17
 Abil: Rolling Charge    |       |     1 |       |       ||     1
  Use: Scroll            |       |       |     9 |       ||     9
       Potion            |       |       |       |     3 ||     3
Armor: Leather armour    |     9 |       |       |       ||     9
       Ring mail         |    30 |    27 |   103 |       ||   160
       Plate armour      |       |       |    57 |    32 ||    89
       Chain mail        |       |       |    12 |       ||    12
Dodge: Dodged            |    41 |    30 |   154 |    56 ||   281

Table legend: (Time is in decaauts)
 A = Elapsed time spent in this place.
 B = Non-inter-level travel time spent in this place.
 C = Inter-level travel time spent in this place.
 D = Time resting spent in this place.
 E = Time spent auto-exploring this place.
 F = Levels seen in this place.
 G = Mean time per level.
                   A        B        C        D        E       F      G
               +--------+--------+--------+--------+--------+-----+--------+
         Total |  12137 |  11593 |    544 |   4805 |   4651 |  12 | 1011.4 |
       Dungeon |  10182 |   9647 |    535 |   3404 |   4460 |   9 | 1131.3 |
        Temple |    132 |    124 |      8 |      0 |     67 |   1 |  132.0 |
         Sewer |    199 |    199 |      0 |     79 |     83 |   1 |  199.0 |
        Bailey |   1622 |   1622 |      0 |   1322 |     41 |   1 | 1622.0 |
               +--------+--------+--------+--------+--------+-----+--------+

Top non-repeatable levels by time:
     D:4: 2148 daAuts
     D:8: 1831 daAuts
  Bailey: 1622 daAuts
     D:5: 1393 daAuts
     D:6: 1204 daAuts
     D:2: 1141 daAuts
     D:7: 865 daAuts
     D:1: 757 daAuts
     D:3: 698 daAuts
   Sewer: 199 daAuts
     D:9: 142 daAuts
  Temple: 132 daAuts
